General information
- name: 2V2 PROS JOIN FAST
- type: Custom game
- host: brucewillisusa
- saver: brucewillisusa
map: SilverpineForest
- players: 5
- length: 16:59
- speed: Fast
- version: 1.24 W3XP
- replay type: Public
» download(26 KB)
Players
team 1 (winner)
brucewillisusa (
teal | 30 APM | 512 actions | 16:59)
6 Blademaster
3 Wind Walk
2 Critical Strike
1 Bladestorm
» actions
| Assign group hotkey | 78 | |
| Basic commands | 5 | |
| Build / train | 40 | |
| Enter build submenu | 20 | |
| Enter hero's abilities submenu | 6 | |
| Give item / drop item | 1 | |
| Right click | 134 | |
| Select / deselect | 52 | |
| Select group hotkey | 135 | |
| Use ability | 41 | |
512 total
» units
» upgrades
| Envenomed Spears | 1 | |
| Ranged Weapons | 1 | |
2 total
» buildings
| Altar of Storms | 1 | |
| Orc Burrow | 8 | |
| War Mill | 1 | |
| Voodoo Lounge | 1 | |
| Watch Tower | 7 | |
| Stronghold | 2 | |
| Fortress | 2 | |
| Beastiary | 2 | |
24 total
» build order
00:11 Altar of Storms
00:23 Orc Burrow
00:55 War Mill
01:03 Voodoo Lounge
02:34 Watch Tower
02:42 Watch Tower
02:43 Watch Tower
03:57 Stronghold
03:58 Stronghold
04:42 Watch Tower
04:43 Watch Tower
04:45 Watch Tower
04:45 Watch Tower
06:19 Fortress
06:20 Fortress
06:26 Beastiary
06:29 Beastiary
06:36 Orc Burrow
06:37 Orc Burrow
07:48 Orc Burrow
09:27 Orc Burrow
09:28 Orc Burrow
15:02 Orc Burrow
15:03 Orc Burrow
» items
| Healing Salve | 2 | |
| Lesser Clarity Potion | 2 | |
| Potion of Lesser Invulnerability | 1 | |
| Boots of Speed | 1 | |
6 total
avid.milk2 (
purple | 26 APM | 438 actions | 16:57)
4 Blademaster
2 Wind Walk
2 Critical Strike
» actions
| Assign group hotkey | 25 | |
| Basic commands | 16 | |
| Build / train | 58 | |
| Enter build submenu | 21 | |
| Enter hero's abilities submenu | 4 | |
| Right click | 123 | |
| Select / deselect | 46 | |
| Select group hotkey | 107 | |
| Use ability | 38 | |
438 total
» units
» upgrades
| Ranged Weapons | 2 | |
| Armor | 1 | |
| Envenomed Spears | 1 | |
4 total
» buildings
| War Mill | 1 | |
| Altar of Storms | 1 | |
| Orc Burrow | 8 | |
| Watch Tower | 8 | |
| Stronghold | 6 | |
| Fortress | 1 | |
| Beastiary | 3 | |
28 total
» build order
00:12 War Mill
00:23 Altar of Storms
00:38 Orc Burrow
01:53 Watch Tower
02:15 Watch Tower
02:36 Watch Tower
03:15 Watch Tower
03:36 Stronghold
03:36 Stronghold
03:37 Stronghold
03:38 Stronghold
04:25 Orc Burrow
04:34 Orc Burrow
04:39 Orc Burrow
04:49 Orc Burrow
06:45 Fortress
06:51 Beastiary
07:03 Beastiary
07:16 Beastiary
07:24 Watch Tower
07:26 Watch Tower
07:27 Watch Tower
07:27 Watch Tower
09:49 Orc Burrow
09:51 Orc Burrow
09:52 Orc Burrow
» items
| Healing Salve | 1 | |
| Lesser Clarity Potion | 1 | |
2 total
team 2 (loser)

»
66Dragon6 (
red | 46 APM | 774 actions | 16:56)
5 Death Knight
3 Death Coil
2 Unholy Aura
1 Lich
1 Frost Nova
» actions
| Assign group hotkey | 21 | |
| Build / train | 45 | |
| Enter build submenu | 17 | |
| Enter hero's abilities submenu | 6 | |
| Right click | 265 | |
| Select / deselect | 111 | |
| Select group hotkey | 268 | |
| Use ability | 41 | |
774 total
» units
| Acolyte | 9 | |
| Ghoul | 3 | |
| Crypt Fiend | 9 | |
21 total
» upgrades
» buildings
| Graveyard | 1 | |
| Crypt | 2 | |
| Ziggurat | 10 | |
| Altar of Darkness | 1 | |
| Tomb of Relics | 1 | |
| Nerubian Tower | 2 | |
| Spirit Tower | 4 | |
| Halls of the Dead | 1 | |
| Necropolis | 1 | |
| Black Citadel | 1 | |
| Sacrificial Pit | 1 | |
25 total
» build order
00:12 Graveyard
00:18 Crypt
00:21 Ziggurat
00:51 Crypt
01:17 Altar of Darkness
01:47 Ziggurat
01:52 Tomb of Relics
04:09 Nerubian Tower
04:10 Spirit Tower
04:15 Ziggurat
04:20 Ziggurat
04:25 Ziggurat
04:28 Ziggurat
06:17 Spirit Tower
06:24 Ziggurat
06:50 Ziggurat
07:33 Halls of the Dead
08:56 Nerubian Tower
09:23 Ziggurat
09:26 Ziggurat
10:02 Spirit Tower
13:16 Necropolis
14:57 Black Citadel
15:03 Sacrificial Pit
15:42 Spirit Tower
» items
| Rod of Necromancy | 1 | |
| Dust of Appearance | 1 | |
| Potion of Lesser Invulnerability | 1 | |
| Circlet of Nobility | 1 | |
4 total
Jedi_Master77 (
blue | 11 APM | 58 actions | 05:24)
» actions
| Assign group hotkey | 1 | |
| Build / train | 7 | |
| Enter build submenu | 6 | |
| Right click | 15 | |
| Select / deselect | 17 | |
| Select group hotkey | 6 | |
| Use ability | 6 | |
58 total
» units
» buildings
| Crypt | 1 | |
| Graveyard | 1 | |
| Altar of Darkness | 1 | |
| Ziggurat | 2 | |
| Tomb of Relics | 1 | |
| Nerubian Tower | 1 | |
7 total
» build order
01:21 Crypt
01:28 Graveyard
02:05 Altar of Darkness
02:12 Ziggurat
02:44 Tomb of Relics
02:56 Ziggurat
03:25 Nerubian Tower
observersKalick Chat log
(01:20 / Allies) brucewillisusa: AS IF
(01:52 / Allies) brucewillisusa: ID ONT THINK
(01:58 / Allies) brucewillisusa: ILL BE MANAGING
(02:03 / Allies) brucewillisusa: UR HERO MUCH
(03:24 / All) brucewillisusa: RAPE
(03:25 / All) brucewillisusa: RAPE
(03:27 / All) brucewillisusa: RAPE
(04:09 / All) Jedi_Master77: wtf did i set this to
(04:21 / All) brucewillisusa: RAPE
(04:22 / All) brucewillisusa: RAOPE
(04:28 / All) Jedi_Master77: ridiculous
(05:32 / All) brucewillisusa: RAPE
(05:36 / Allies) avid.milk2: lol
(06:45 / All) brucewillisusa: SAY HI TO WCR
(06:57 / All) brucewillisusa: POSTED
(07:03 / All) 66Dragon6: FUCKING HACKING SHIT
(08:26 / All) 66Dragon6: NERF BM
(09:19 / Allies) brucewillisusa: MEET UP
(10:08 / Allies) brucewillisusa: BRING BIRDS
(11:31 / Allies) brucewillisusa: CARE UR HERO
(15:32 / All) 66Dragon6: SKILLESS NOOBS
(15:55 / All) brucewillisusa: RAPE
(15:57 / All) brucewillisusa: RAPE
(15:58 / All) brucewillisusa: RAPE
(16:54 / All) 66Dragon6: GG